cohdb
Replays
Latest Replays
All Replays
Popular Replays
Top Player Replays
Match Explorer
How It Works
Community
CoH3 Stats
Reddit
Sign in to upload your games and track your stats! →
Sign in with Steam
Match 46932000
Unlisted
Match 46932000
Overview
Messages
Build Orders
End
Vickers Machine Gun Team
Construct Section Command Post
Dingo Light Scout Car
Infantry Section
Infantry Section
ML 3-inch Mortar Team
Construct Platoon Command Post
Infantry Section
Unlock M3 Stuart Light Tanks
Selects Air and Sea Battlegroup
Selects Commando Section Paradrop
Selects M1 Pack Howitzer Paradrop
M1 Pack Howitzer Paradrop
Construct Field Infirmary
M3 Stuart Light Tank
Royal Engineer Section
Construct Company Command Post
Unlock M3 Grant Medium Tanks
Crusader II Medium Tank
6-pounder Anti-tank Gun Team
M3 Grant Medium Tank
Commando Section Paradrop
XuZhongwei
116276339
0
0
Comments
sign in to comment!
No comments posted yet!